Map: Вечная империя РВ

Players

Bibizyan

  • Race: Protoss Protoss
  • League: Master
  • Spawn Location: 1:00

ИИ 1 (новичок) - Winner!

  • Race: Protoss Protoss
  • Spawn Location: 7:00

VOD

Have the link to the VOD?

Description

Time

  • Played on: June 4, 2020, 2:42 p.m.
  • Length: 7:00
Show
View Real Time Build Order
Export as new Build Order

Bibizyan Protoss 

Build Orders:  

Get SALT Encoding   

  12  0:01  Probe  
  13  0:13  Probe  
  14  0:17  Pylon  
  14  0:25  Probe (Chrono Boost)  
  16  0:37  Probe (Chrono Boost)  
  16  0:38  Gateway  
  16  0:42  Probe (Chrono Boost)  
  16  0:46  Assimilator  
  17  0:52  Probe  
  17  0:55  Assimilator  
  18  1:04  Probe (Chrono Boost)  
  18  1:10  Gateway  
  19  1:15  Probe (Chrono Boost)  
  20  1:20  Probe  
  21  1:28  Cybernetics Core  
  22  1:32  Probe  
  22  1:35  Pylon  
  22  1:45  Probe  
  23  1:57  Probe  
  23  2:05  Stalker  
  23  2:06  Stalker  
  23  2:07  Warp Gate  
  27  2:18  Pylon  
  27  2:35  Stalker  
  27  2:36  Stalker  
  31  2:49  Nexus  
  31  2:59  Robotics Facility  
  31  3:02  Probe  
  32  3:12  Sentry  
  36  3:13  Sentry  
  36  3:14  Probe  
  36  3:18  Pylon  
  37  3:28  Probe  
  38  3:40  Probe  
  39  3:45  Immortal (Chrono Boost)  
  43  3:54  Probe (Chrono Boost)  
  44  4:01  Probe (Chrono Boost)  
  47  4:10  Probe x2 (Chrono Boost)  
  47  4:15  Probe (Chrono Boost)  
  47  4:16  Probe  
  48  4:17  Observer (Chrono Boost)  
  48  4:21  Sentry x2, Pylon  
  54  4:28  Probe  
  54  4:31  Probe  
  56  4:37  Immortal (Chrono Boost)  
  56  4:40  Probe  
  56  4:43  Probe  
  62  4:48  Gateway  
  62  4:49  Gateway  
  62  4:54  Gateway  
  62  4:58  Gateway  
  62  5:01  Probe  
  62  5:03  Probe  
  64  5:08  Warp Prism (Chrono Boost)  
  64  5:14  Sentry  
  68  5:18  Adept  
  70  5:33  Pylon  
  70  5:35  Pylon  
  70  5:52  Adept x4  
  70  5:55  Adept  
  80  5:57  Pylon  
  80  6:16  Adept x2  
  80  6:17  Adept x4  
Show
View Real Time Build Order
Export as new Build Order

ИИ 1 (новичок) Protoss - Winner!

Build Orders: 1 Gate Expand, Nexus First 

Get SALT Encoding   

  12  0:00  Probe  
  13  0:13  Probe  
  14  0:19  Pylon  
  14  0:42  Gateway  
  14  1:01  Nexus  
  14  1:20  Pylon  
  14  1:21  Zealot  
  14  1:24  Assimilator  
  16  1:38  Probe, Cybernetics Core  
  17  1:50  Probe  
  18  2:00  Probe  
  18  2:01  Assimilator  
  19  2:08  Probe  
  19  2:15  Probe  
  20  2:16  Stalker  
  20  2:18  Warp Gate  
  23  2:23  Probe  
  23  2:28  Probe  
  25  2:39  Probe  
  26  2:54  Probe  
  26  2:55  Assimilator  
  27  2:59  Pylon  
  27  3:01  Probe  
  28  3:05  Probe  
  29  3:15  Robotics Facility  
  29  3:16  Probe  
  30  3:25  Probe  
  30  3:26  Zealot  
  33  3:34  Probe  
  35  3:41  Probe  
  36  3:48  Probe  
  37  3:55  Probe  
  37  4:02  Probe  
  38  4:04  Observer  
  38  4:09  Probe  
  40  4:13  Probe  
  40  4:20  Probe, Assimilator  
  41  4:25  Observer  
  41  4:30  Probe  
  43  4:36  Stalker  
  43  4:37  Probe  
  46  4:44  Pylon  
  47  4:46  Probe  
  48  4:53  Probe  
  49  5:00  Probe  
  50  6:27  Zealot  
  48  6:34  Pylon  
  48  6:55  Stalker  
Tags
 
Add a new tag
Caveats
  • Supply blocks, unpowered buildings, or Contaminate may cause inaccurate times.
  • Supply counts are checked every 10 seconds.